 Dungeon Crawl Stone Soup version 0.26-a0-651-gb41185065b (webtiles) character file.

Game seed: 7857846279072615420

1935 Irenicus the Cleaver (level 8, -1/68 HPs)
             Began as a Deep Dwarf Berserker on Oct 1, 2020.
             Was an Elder of Trog.
             Slain by an orc warrior
             ... wielding a +0 short sword
              (16 damage)
             ... on level 7 of the Dungeon.
             The game lasted 00:18:31 (2793 turns).

Irenicus the Cleaver (Deep Dwarf Berserker)         Turns: 2793, Time: 00:18:31

Health: -1/68      AC:  8    Str: 21    XL:     8   Next: 97%
Magic:  8/8        EV: 11    Int:  8    God:    Trog [****..]
Gold:   338        SH:  0    Dex: 14    Spells: 7/7 levels left

rFire    + . .     SeeInvis .   c - +8 demon blade "Leech" {vamp, *Rage +Rage rN+}
rCold    + . .     Faith    .   (no shield)
rNeg     + . .     Spirit   .   i - +1 ring mail
rPois    .         Reflect  .   m - +2 hat
rElec    .         Harm     .   (no cloak)
rCorr    .         Rampage  .   (no gloves)
MR       +....     Rnd*Rage +   (no boots)
Stlth    +.........             (no amulet)
HPRegen  0.00/turn              l - ring of protection from cold {rC+, !d}
MPRegen  0.11/turn              b - ring of protection from fire {rF+, !d}

@: berserk cooldown, non-regenerating, slowed, lightly drained, very slow
A: damage resistance, heal wounds, sense surroundings 1, no regeneration
a: Heal Wounds, Berserk, Trog's Hand, Brothers in Arms, Renounce Religion, Evoke
Berserk Rage


You were on level 7 of the Dungeon.
You worshipped Trog.
Trog was greatly pleased with you.
You visited 1 branch of the dungeon, and saw 7 of its levels.

You collected 338 gold pieces.

Inventory:

Hand Weapons
 a - a +0 hand axe
 c - the +8 demon blade "Leech" (weapon) {vamp, *Rage +Rage rN+}
   (You found it on level 5 of the Dungeon)

   It inflicts no extra harm, but heals its wielder when it wounds a living foe.
   It protects you from negative energy.
   It lets you go berserk.
   It may make you go berserk in combat.
 k - a +0 war axe
   (You found it on level 5 of the Dungeon)
Missiles
 f - 5 javelins (quivered)
 j - 8 boomerangs of dispersal {=f}
 o - 2 throwing nets {=f, !d}
Armour
 i - a +1 ring mail (worn)
   (You found it on level 1 of the Dungeon)
 m - a +2 hat (worn)
   (You found it on level 3 of the Dungeon)
Jewellery
 b - a ring of protection from fire (right hand) {rF+, !d}
   (You found it on level 3 of the Dungeon)
 l - a ring of protection from cold (left hand) {rC+, !d}
   (You found it on level 2 of the Dungeon)
Scrolls
 d - 2 scrolls of identify
 h - 3 scrolls of enchant armour
 n - a scroll of remove curse
 p - a scroll of immolation {unknown}
 t - 2 scrolls of magic mapping {unknown}
 v - a scroll of random uselessness {unknown}
 w - a scroll of teleportation
Potions
 e - a potion of cancellation
 g - a potion of haste
 q - a potion of curing {unknown}
 r - a potion of heal wounds
 s - a potion of brilliance {unknown}
 u - a potion of might {unknown}
 x - a potion of stabbing {unknown}


   Skills:
 - Level 2.6 Fighting
 + Level 12.7 Axes
 - Level 2.1 Armour
 - Level 2.1 Dodging


You had 7 spell levels left.
You didn't know any spells.
Your spell library was empty.

Dungeon Overview and Level Annotations

Branches:
Dungeon (7/15)             Temple (0/1) D:4

Altars:
Cheibriados
Kikubaaqudgha
Okawaru
Qazlal
Ru
Sif Muna
Trog
Uskayaw
Wu Jian

Shops:
D:6 }

Annotations:
D:4 EnegeticOcto's ghost, amateur DDFi; Lanoc's ghost, amateur GrCK; raph's ghost, amateur TrBe


Innate Abilities, Weirdness & Mutations

You are resistant to damage.
You can heal yourself by infusing magical energy.
You passively map a small area around you.
You do not regenerate.


Message History

The puff of frost hits you. You resist.
You feel very empty.
c - the +8 demon blade "Leech" (weapon)
{vamp, *Rage +Rage rN+} The centaur hits you but does no damage.
You barely miss the centaur. The centaur hits you.
An orc comes into view. It is wielding a +0 mace.
The orc priest looks encouraged for a moment.
The centaur hits you.
You take 3 damage, and have 34/68 hp.
You barely miss the centaur.
The centaur hits you but does no damage.
A scorpion comes into view.
The centaur hits you.
You take 1 damage, and have 33/68 hp.
A red film seems to cover your vision as you go berserk!
You feel yourself moving faster!
You feel mighty!
The centaur hits you but does no damage.
You now have 50/102 hp.
You closely miss the centaur.
The centaur hits you but does no damage.
The centaur closely misses you.
You barely miss the centaur. The leopard gecko barely misses you.
The centaur hits you.
The orc priest calls down the wrath of Beogh upon you.
Beogh smites you!
The white imp hits you but does no damage.
You take 13 damage, and have 37/102 hp.
You slice the centaur!!
You feel better.
The centaur is almost dead.
The leopard gecko bites you but does no damage.
The centaur closely misses you.
You riposte.
You slice the centaur!!
You feel better.
You kill the centaur!
Trog accepts your kill. The white imp gestures at you.
The puff of frost hits you. You resist.
You regained 11 hp, and now have 48/102 hp.
You barely miss the worker ant zombie. The leopard gecko closely misses you.
You riposte.
You hit the leopard gecko.
You feel better.
The leopard gecko is heavily wounded.
The orc priest mumbles some strange prayers to Beogh against you.
Beogh smites you! The white imp barely misses you.
You riposte.
You barely miss the white imp.
You hear a shout!
You take 7 damage, and have 41/102 hp.
You closely miss the orc warrior. The leopard gecko misses you.
You slash the orc warrior!
You feel better.
The orc warrior is moderately wounded.
The leopard gecko bites you but does no damage.
The white imp completely misses you.
The orc warrior hits you with a +0 short sword!
An orc wizard comes into view. It is wielding a +0 dagger.
You take 4 damage, and have 37/102 hp.
You slash the leopard gecko!
You feel better.
You kill the leopard gecko!
Trog accepts your kill. The white imp gestures at you.
The puff of frost hits you. You resist.
The orc priest calls down the wrath of Beogh upon you.
Pain shoots through your body!
You take 6 damage, and have 31/102 hp.
Your ring mail prevents you from hitting the white imp.
The white imp gestures at you. The puff of frost hits you. You resist.
* * * LOW HITPOINT WARNING * * *
The orc warrior barely misses you.
You riposte.
You barely miss the orc warrior.
The orc warrior is moderately wounded.
You take 2 damage, and have 29/102 hp.
You slash the orc priest!
You feel better.
The orc priest is almost dead.
The white imp barely misses you. The orc priest barely misses you.
The orc warrior misses you.
You regained 6 hp, and now have 35/102 hp.
You slash the orc priest!
You feel better.
You kill the orc priest!
Trog accepts your kill.
The white imp hits you but does no damage.
The orc warrior hits you with a +0 short sword!
* * * LOW HITPOINT WARNING * * *
You take 8 damage, and have 27/102 hp.
You slash the orc warrior!
You feel better.
The orc warrior is almost dead.
The orc priest looks braver for a moment.
The white imp hits you but does no damage.
You regained 8 hp, and now have 35/102 hp.
You closely miss the orc warrior.
The orc warrior is almost dead.
The scorpion stings you but does no damage.
The orc warrior hits you with a +0 short sword!
* * * LOW HITPOINT WARNING * * *
You take 13 damage, and have 22/102 hp.
You barely miss the scorpion.
You are no longer berserk.
You are exhausted.
You feel yourself slow down. The white imp gestures at you.
The puff of frost misses you. The scorpion stings you.
The orc warrior hits you with a +0 short sword!!
You die...

.....#*
#...####......##
...## #..##
##....## ,.$*
#...# ##...##
#..## #...(# ,
....., ##....#
.#.... * #.(...#
#..... ##(....##
, *
.#...##.......#
.....o5@#######
.#...Zso.#* ,
./...oo#..# ,
*####...*#.#
....., ..* ,
,#...#., ..#
......., .., ,
,.#.#.#. ... * ,
, , ,


You could see an orc warrior, a scorpion, an orc priest, an orc wizard, a white
imp, an orc and a worker ant zombie.

Vanquished Creatures
  The ghost of HoaS the Shield-Bearer, a novice FoFi of Makhleb (D:4)
  A necrophage (D:2)
  3 ogres
  A crocodile (D:6)
  2 centaurs
  3 bullfrogs
  A wyvern skeleton (D:6)
  A wight (D:7)
  A bullfrog skeleton (D:4)
  4 orc priests
  6 orc wizards
  Jessica (D:3)
  An iguana (D:6)
  3 worker ants
  2 hound zombies
  A worker ant zombie (D:7)
  7 adders
  10 gnolls
  2 shadow imps
  2 white imps (D:5)
  2 oozes
  6 worms
  A dart slug (D:2)
  6 leopard geckos
  22 orcs
  4 giant cockroaches
  7 goblins
  3 hobgoblins
  3 jackals (D:1)
  3 kobolds
  6 quokkas
  4 ball pythons
  4 bats
  A frilled lizard (D:4)
  13 rats
138 creatures vanquished.

Vanquished Creatures (others)
  6 plants (D:7)
6 creatures vanquished.

Grand Total: 144 creatures vanquished

Notes
Turn   | Place    | Note
-------+----------+-------------------------------------------
     0 | D:1      | Irenicus the Deep Dwarf Berserker began the quest for the
                  | Orb.
     0 | D:1      | Reached XP level 1. HP: 20/20 MP: 1/1
    59 | D:1      | Reached XP level 2. HP: 27/27 MP: 2/2
   138 | D:1      | Reached skill level 4 in Axes
   475 | D:2      | Reached ** piety under Trog
   582 | D:2      | Reached XP level 3. HP: 23/33 MP: 3/3
   693 | D:2      | Reached skill level 5 in Axes
   720 | D:2      | Reached XP level 4. HP: 25/40 MP: 4/4
   752 | D:2      | Noticed a necrophage
   773 | D:2      | Killed a necrophage
   773 | D:2      | Reached skill level 6 in Axes
   773 | D:2      | Reached XP level 5. HP: 16/44 MP: 5/5
   968 | D:3      | Reached skill level 7 in Axes
  1002 | D:3      | Found a shimmering blue altar of Sif Muna.
  1065 | D:3      | Noticed a centaur
  1076 | D:3      | Killed a centaur
  1076 | D:3      | Reached XP level 6. HP: 26/53 MP: 6/6
  1127 | D:3      | HP: 13/53 [orc wizard/magic dart (2)]
  1128 | D:3      | HP: 5/53 [orc wizard/magic dart (8)]
  1142 | D:3      | Reached skill level 8 in Axes
  1209 | D:3      | Noticed Jessica
  1214 | D:3      | Killed Jessica
  1321 | D:4      | Reached *** piety under Trog
  1381 | D:4      | Found a stormy altar of Qazlal.
  1425 | D:3      | Found a hide-covered altar of Uskayaw.
  1469 | D:4      | Found a runed translucent gate.
  1469 | D:4      | Found a runed translucent gate.
  1469 | D:4      | Found a runed translucent gate.
  1549 | D:4      | Found a sacrificial altar of Ru.
  1571 | D:4      | HP: 14/79 [ogre/+0 giant club (20)]
  1572 | D:4      | Reached skill level 9 in Axes
  1572 | D:4      | Reached XP level 7. HP: 15/59 MP: 7/7
  1596 | D:4      | HP: 7/59 [orc/+0 trident (3)]
  1658 | D:4      | Found an iron altar of Okawaru.
  1671 | D:4      | Found a staircase to the Ecumenical Temple.
  1709 | D:4      | Noticed HoaS's ghost (novice FoFi)
  1709 | D:4      | Noticed EnegeticOcto's ghost (amateur DDFi)
  1710 | D:4      | Noticed raph's ghost (amateur TrBe)
  1710 | D:4      | Noticed Lanoc's ghost (amateur GrCK)
  1751 | D:4      | Killed HoaS's ghost
  1751 | D:4      | Reached skill level 10 in Axes
  1779 | D:5      | Entered Level 5 of the Dungeon
  1779 | D:5      | Found the +8 demon blade "Leech" {vamp, *Rage +Rage rN+}
  1848 | D:5      | Found a bloodstained altar of Trog.
  1902 | D:5      | Found an ornate altar of the Wu Jian Council.
  1995 | D:5      | Reached XP level 8. HP: 68/68 MP: 8/8
  2120 | D:5      | Reached skill level 11 in Axes
  2276 | D:6      | Found a snail-covered altar of Cheibriados.
  2436 | D:6      | Reached **** piety under Trog
  2436 | D:6      | Reached skill level 12 in Axes
  2474 | D:6      | Found Dyaw's Gadget Shop.
  2516 | D:6      | Found an ancient bone altar of Kikubaaqudgha.
  2535 | D:6      | Irenicus: ?? leech
  2535 | D:6      | beem: leech[1/1]: The +8 demon blade "Leech" {vamp, rN+
                  | AC-3 EV-3}. Has a guaranteed on-hit vampiric effect!
  2704 | D:7      | Identified the +2 buckler "Imaq" {Rampage +Inv rF- Regen+}
  2792 | D:7      | HP: 22/102 [orc warrior/+0 short sword (13)]
  2793 | D:7      | Slain by an orc warrior

Illustrated notes

Levels and vault maps discovered:
D:1:      eino_arrival_tree_alley, layout_loops_ring, minivault_11,
          corexii_corridor_pit, st_stairs_1, minivault_27, hex_large
D:2:      layout_loops_ring, fountainhead
D:3:      layout_basic, lemuel_blue_sif_altar, marbit_many_paths,
          kennysheep_jessica_study, uniq_jessica
D:4:      layout_loops_ring, hangedman_ru_absence, kennysheep_mini,
          grunt_qazlal_sundering, minmay_temple_entry_statues_pillars,
          gammafunk_ghost_cemetery
D:5:      layout_layer_cave, kennysheep_little_box, trog_book
D:6:      layout_cave_pools, cheibriados_altar_1, basic_altar, serial_shops,
          shop, hangedman_decor_opposing
D:7:      layout_layer_cave, gammafunk_ghost_gnarly_gnolls, roderic_lattice_a,
          hangedman_decor_lopped, kennysheep_generic_room_9

Skill      XL: |  1  2  3  4  5  6  7  8 |
---------------+-------------------------+-----
Axes           | 4 5 6 7 9 10 12 | 12.7
Fighting       | |  2.6
Armour         | |  2.1
Dodging        | |  2.1

Action                   |  1- 3 |  4- 6 |  7- 9 || total
-------------------------+-------+-------+-------++-------
Melee: Hand axe          |    72 |   134 |    58 ||   264
       Demon blade       |       |       |    38 ||    38
       War axe           |       |       |   114 ||   114
Throw: Javelin           |     1 |     3 |       ||     4
Invok: Berserk           |     4 |     8 |     7 ||    19
       Trog's Hand       |       |     3 |     4 ||     7
  Use: Potion            |       |     1 |     1 ||     2
       Scroll            |       |     6 |     2 ||     8
Armor: Animal skin       |     9 |       |       ||     9
       Ring mail         |    10 |    40 |    73 ||   123
Dodge: Dodged            |    50 |    67 |    98 ||   215
       Rpst.: Demon blade |       |       |     7 ||     7

Table legend: (Time is in decaauts)
 A = Elapsed time spent in this place.
 B = Non-inter-level travel time spent in this place.
 C = Inter-level travel time spent in this place.
 D = Time resting spent in this place.
 E = Time spent auto-exploring this place.
 F = Levels seen in this place.
 G = Mean time per level.
                   A        B        C        D        E       F      G
               +--------+--------+--------+--------+--------+-----+--------+
         Total |   2947 |   2877 |     70 |      0 |      0 |   7 |  421.0 |
       Dungeon |   2947 |   2877 |     70 |      0 |      0 |   7 |  421.0 |
               +--------+--------+--------+--------+--------+-----+--------+

Top non-repeatable levels by time:
     D:2: 528 daAuts
     D:5: 523 daAuts
     D:1: 477 daAuts
     D:4: 472 daAuts
     D:3: 412 daAuts
     D:6: 277 daAuts
     D:7: 257 daAuts

Table legend:
 A = Kills in this place as a percentage of kills in entire the game.
 B = Kills by you in this place as a percentage of kills by you in the entire game.
 C = Kills by friends in this place as a percentage of kills by friends in the entire game.
 D = Other kills in this place as a percentage of other kills in the entire game.
 E = Experience gained in this place as a percentage of experience gained in the entire game.
 F = Experience gained in this place divided by the number of levels of this place that you have seen.
                   A       B       C       D       E      F
               +-------+-------+-------+-------+-------+----------------------
         Total | 100.0 | 100.0 |   N/A |   N/A | 100.0 | 395.0
       Dungeon | 100.0 | 100.0 |   N/A |   N/A | 100.0 | 395.0
               +-------+-------+-------+-------+-------+----------------------
